 Seeded DCSS version 0.29-a0-22-gbf593b16ee (webtiles) character file.

Game seed: 20220129 (custom seed)

1250 croobank the Covert (level 8, 0/43 HPs)
             Began as a Felid Delver on Jan 29, 2022.
             Was the Champion of Ashenzari.
             Slain by a kobold demonologist (2 damage)
             ... on level 10 of the Dungeon.
             The game lasted 01:26:18 (14312 turns).

croobank the Covert (Felid Delver)                 Turns: 14312, Time: 01:26:23

Health: 0/43       AC:  2    Str: 10    XL:     8   Next: 26%
Magic:  18/20      EV: 22    Int: 13    God:    Ashenzari [******]
Gold:   582        SH:  0    Dex: 19    Spells: 8/22 levels left
                                        Lives:  0   Deaths: 3

rFire   + . .      SeeInvis +     - Unarmed
rCold   . . .      Faith    .   (shield unavailable)
rNeg    + . .      Spirit   .   (armour unavailable)
rPois   .          Reflect  .   (helmet unavailable)
rElec   .          Harm     .   (cloak unavailable)
rCorr   .          Rampage  .   (gloves unavailable)
Will    +....      Clarity  +   (boots unavailable)
Stlth   +++++.....              c - amulet of Ashenzari's Moon {RegenMP, Evo, Self} (curse)
HPRegen 0.14/turn               f - ring of Ashenzari's Discomfort {rF+, Melee, Alch} (curse)
MPRegen 0.57/turn               b - ring of Star-Bound Wisdom {rN+, Self, Comp} (curse)

@: quick
A: very small, claws 1, fangs 3, see invisible, speed 1, shaggy fur 2, stealthy
paws, no weapons or thrown items, no armour, multi-lived
a: Renounce Religion, Shatter the Chains


You were on level 10 of the Dungeon.
You worshipped Ashenzari.
Ashenzari was exalted by your worship.
You visited 1 branch of the dungeon, and saw 11 of its levels.

You collected 582 gold pieces.

Inventory:

Missiles
 i - 285 stones
 m - 166 arrows
Jewellery
 b - the cursed ring of Star-Bound Wisdom (right paw) {rN+, Self, Comp}
   (You found it on level 2 of the Dungeon)

   [ring of positive energy]

   rN:        It protects you from negative energy.
   It has a curse which improves the following skills: Introspection: Fighting
   and Spellcasting.
   Companions: Summonings and Necromancy.
 c - the cursed amulet of Ashenzari's Moon (around neck) {RegenMP, Evo, Self}
   (You found it on level 4 of the Dungeon)

   [amulet of magic regeneration]

   It increases your rate of magic regeneration.
   It has a curse which improves the following skills: Evocations: Evocations.
   Introspection: Fighting and Spellcasting.
 f - the cursed ring of Ashenzari's Discomfort (left paw) {rF+, Melee, Alch}
   (You found it on level 5 of the Dungeon)

   [ring of protection from fire]

   rF:        It protects you from fire.
   It has a curse which improves the following skills: Melee Combat: Unarmed
   Combat.
   Alchemy:   Poison Magic and Transmutations.
 j - a ring of fire
 q - a ring of positive energy
Wands
 e - a wand of digging (3)
 o - a wand of mindburst (9)
 v - a wand of flame (8)
Scrolls
 a - a scroll of fog
 g - a scroll of amnesia
 r - a scroll of enchant weapon
 t - a scroll of immolation
 u - 2 scrolls of magic mapping
Potions
 d - 2 potions of brilliance
 h - a potion of mutation
 k - 2 potions of lignification
 l - 3 potions of flight


   Skills:
 - Level 6.2(10.1) Fighting
 - Level 7.5 Dodging
 - Level 10.1 Stealth
 - Level 5.5(8.1) Unarmed Combat
 - Level 4.2(7.8) Spellcasting
 + Level 6.6(9.3) Necromancy
 - Level 2.0 Fire Magic
 - Level 3.7 Air Magic
 - Level 3.6(6.0) Poison Magic


You had 8 spell levels left.
You knew the following spells:

 Your Spells              Type           Power      Damage    Failure   Level
a - Poisonous Vapours     Pois/Air       34%        N/A       2%          2
b - Pain                  Necr           100%       1d9       1%          1
c - Sting                 Tmut/Pois      52%        1d5       3%          1
d - Animate Skeleton      Necr           58%        N/A       1%          1
e - Olgreb's Toxic Radia  Pois           20%        N/A       12%         4
f - Vampiric Draining     Necr           29%        2d8       1%          3
g - Wereblood             Tmut           5%         N/A       19%         2

Your spell library contained the following spells:

 Spells                   Type           Power      Damage    Failure   Level
 Sublimation of Blood     Necr           29%        N/A       1%          2
 Animate Dead             Necr           14%        N/A       3%          4
 Ignite Poison            Fire/Tmut/Pois 12%        N/A       13%         3
 Passwall                 Tmut/Erth      4%         N/A       21%         2
 Conjure Flame            Conj/Fire      7%         6-21      28%         3
 Sticky Flame             Conj/Fire      7%         2d3       67%         4
 Yara's Violent Unravell  Hex/Tmut       2%         3d3       98%         5
 Eringya's Noxious Bog    Tmut/Pois      6%         N/A       99%         6
 Haunt                    Necr/Summ      8%         N/A       100%        7
 Malign Gateway           Summ/Tloc      2%         N/A       100%        7
 Summon Hydra             Summ           2%         N/A       100%        7
 Infestation              Necr           14%        N/A       100%        8


Dungeon Overview and Level Annotations

Branches:
Dungeon (11/15)            Temple (0/1) D:5
   Lair: D:8-11         Orc: D:9-12

Altars:
Ashenzari
Gozag
Xom

Shops:
D:7 (

Annotations:
D:7 1 runed translucent door, Crazy Yiuf
D:11 Erolcha


Innate Abilities, Weirdness & Mutations

You have sharp claws.
You have razor-sharp teeth.
You have supernaturally acute eyesight. (SInv)
You cover ground quickly. (Speed+)
You are covered in thick fur. (AC +2)
Your paws help you pounce on unaware monsters.
You are incapable of wielding weapons or throwing items.
You cannot wear armour.
You gain extra lives every three experience levels.


Message History

A kobold comes into view. It is wielding a +0 short sword.
The orange demon is poisoned.
The kobold demonologist looks even sicker. x2
The kobold demonologist completely misses you.
You claw the kobold demonologist! You bite the kobold demonologist.
The kobold demonologist is moderately wounded.
The kobold is poisoned.
Your toxic aura wanes.
The orange demon closely misses you. The orange demon misses you.
The kobold demonologist casts a spell.
You scratch the kobold demonologist but do no damage.
The kobold demonologist is moderately wounded.
The kobold demonologist hits you with a +1 dagger of venom.
The orange demon stings you! The orange demon closely misses you.
Casting: Olgreb's Toxic Radiance (quite dangerous; 12% risk of failure)
Confirm with . or Enter, or press ? or * to list all spells.
Aiming: Pain (safe; 1% risk of failure)
Press: ? - help, Shift-Dir - straight line, f - kobold demonologist
Aim: a kobold demonologist, wielding a +0 dagger and wearing a +0 robe (moderately wounded, very poisoned, chance to affect: 70%)
The kobold demonologist struggles to resist.
The kobold demonologist hits you with a +0 dagger.
The kobold demonologist gestures wildly while chanting.
The orange demon completely misses you. x2
Casting: Pain (safe; 1% risk of failure)
Confirm with . or Enter, or press ? or * to list all spells.
Aiming: Pain (safe; 1% risk of failure)
Press: ? - help, Shift-Dir - straight line, f/p - kobold demonologist
Aim: a kobold demonologist, wielding a +0 dagger and wearing a +0 robe (heavily wounded, very poisoned, chance to affect: 70%)
The kobold demonologist writhes in agony!
The kobold demonologist misses you.
The kobold demonologist casts a spell.
The orange demon closely misses you. The orange demon misses you.
You scratch the kobold demonologist.
The kobold demonologist is almost dead.
The sixfirhy hits you! The sixfirhy shocks you!
* * * LOW HITPOINT WARNING * * *
The sixfirhy completely misses you.
The kobold demonologist gestures wildly while chanting.
The kobold demonologist hits you with a +1 dagger of venom.
You die...

########.####
########.######
####.#######
####.######## * , **
***####..####### *
,,, * #####..######
, * ,, ,
.#####...#### *,, **
....####3..## ,, *
**#.$..K4@##.## **
*.* ###..4KK##.## *.
* *.## ####4###.##
##. ,, * ..#
###5..#.## #.. *
,####.#########.#.#*
#######.. ,####.####
,,** ######.).
*#.####.#### **
.######.o...
..∆####.####
............ .#
####<#### **
,.###..>o##.


You could see an orange demon (summoned, poisoned), a hellwing (summoned), an
ice devil (summoned), 2 kobold demonologists, a sixfirhy (summoned), a shadow
imp (summoned) and a kobold (poisoned).

Vanquished Creatures
  A wraith (D:11)
  2 wyverns
  2 yaks
  2 steam dragons
  A water moccasin (D:8)
  2 orc warriors
  2 ice beasts
  An ogre (D:5)
  3 black bears (D:7)
  3 sky beasts
  2 necrophages
  2 centaurs
  A bullfrog (D:7)
  4 gnoll sergeants
  A kobold brigand (D:7)
  A scorpion (D:5)
  A water moccasin zombie (D:7)
  3 wyvern skeletons
  A water moccasin skeleton (D:7)
  3 centaur zombies
  5 hounds
  7 orc priests
  2 iguanas (D:5)
  4 gnoll shamans
  5 orc wizards
  A killer bee zombie (D:8)
  A hound skeleton (D:5)
  A howler monkey zombie (D:8)
  10 adders
  26 gnolls
  A worm (D:2)
  3 dart slugs
  33 orcs
  6 endoplasms
  7 giant cockroaches
  6 goblins
  7 hobgoblins
  8 jackals
  A quokka (D:4)
  3 ball pythons
  5 bats
  4 frilled lizards
  13 kobolds
  5 rats
202 creatures vanquished.

Vanquished Creatures (collateral kills)
  Duvessa (D:4)
  Dowan (D:4)
2 creatures vanquished.

Vanquished Creatures (others)
  23 fungi
  7 plants
30 creatures vanquished.

Grand Total: 234 creatures vanquished

Notes
Turn   | Place    | Note
-------+----------+-------------------------------------------
     0 | D:5      | croobank the Felid Delver began the quest for the Orb.
     0 | D:5      | Reached XP level 1. HP: 10/10 MP: 2/2
    89 | D:3      | Noticed an orc wizard
    89 | D:3      | Noticed an orc priest
   183 | D:2      | Reached XP level 2. HP: 14/14 MP: 3/3
   808 | D:1      | Reached XP level 3. HP: 17/17 MP: 4/4
   817 | D:1      | Reached skill level 7 in Stealth
  1997 | D:2      | Found a broken altar of Ashenzari.
  2008 | D:2      | Became a worshipper of Ashenzari the Shackled
  2104 | D:2      | Reached XP level 4. HP: 21/21 MP: 5/5
  2126 | D:2      | Found a faded altar of an unknown god.
  2544 | D:3      | Reached XP level 5. HP: 10/25 MP: 5/7
  3184 | D:3      | Reached skill level 1 in Spellcasting
  3198 | D:3      | Reached skill level 1 in Fire Magic
  3613 | D:3      | Reached * piety under Ashenzari
  3613 | D:3      | Reached ** piety under Ashenzari
  4665 | D:4      | Noticed Duvessa
  4679 | D:4      | Noticed Dowan
  4684 | D:4      | Killed Duvessa
  4685 | D:4      | Gained mutation: You are covered in thick fur. (AC +2)
                  | [Felid growth]
  4685 | D:4      | Reached XP level 6. HP: 28/28 MP: 9/9
  4696 | D:4      | Killed Dowan
  4916 | D:4      | Reached *** piety under Ashenzari
  4916 | D:4      | Reached **** piety under Ashenzari
  4971 | D:4      | Noticed an ice beast
  4983 | D:4      | Killed an ice beast
  4984 | D:4      | Reached skill level 8 in Stealth
  4996 | D:4      | Learned a level 2 spell: Poisonous Vapours
  5123 | D:4      | Found a shimmering altar of Xom.
  5123 | D:4      | Found an opulent altar of Gozag.
  5398 | D:4      | Reached XP level 7. HP: 34/34 MP: 13/13
  5424 | D:5      | Reached skill level 5 in Dodging
  5711 | D:5      | Found a staircase to the Ecumenical Temple.
  5716 | D:5      | Reached skill level 1 in Air Magic
  5716 | D:5      | Reached skill level 1 in Poison Magic
  5807 | D:5      | Slain by an ogre
  5808 | D:5      | Reached XP level 6. HP: -2/31 MP: 12/12
  5993 | D:5      | Reached ***** piety under Ashenzari
  5993 | D:5      | Reached ****** piety under Ashenzari
  6035 | D:5      | Reached XP level 7. HP: 37/37 MP: 16/16
  6292 | D:5      | Learned a level 1 spell: Pain
  6418 | D:4      | Reached skill level 5 in Fighting
  6860 | D:6      | Learned a level 1 spell: Sting
  7335 | D:4      | Learned a level 1 spell: Animate Skeleton
  7618 | D:6      | Reached skill level 9 in Stealth
  7618 | D:6      | Reached XP level 8. HP: 42/42 MP: 18/18
  7792 | D:6      | HP: 2/42 [wyvern (7)]
  8125 | D:7      | Found Emeirch's Weapon Boutique.
  9859 | D:6      | Reached skill level 5 in Unarmed Combat
 10165 | D:7      | Found a runed translucent door.
 10725 | D:6      | Learned a level 4 spell: Olgreb's Toxic Radiance
 10750 | D:7      | Reached XP level 9. HP: 37/46 MP: 17/20
 11197 | D:7      | Reached skill level 10 in Stealth
 11523 | D:7      | Noticed Crazy Yiuf
 11561 | D:7      | Identified the Almanac of Displaced Transmutation
 11613 | D:7      | HP: 2/46 [wyvern skeleton (7)]
 11923 | D:7      | Learned a level 3 spell: Vampiric Draining
 12167 | D:8      | Reached skill level 1 in Necromancy
 13221 | D:8      | Learned a level 2 spell: Wereblood
 13453 | D:10     | Entered Level 10 of the Dungeon
 13648 | D:9      | Reached skill level 5 in Necromancy
 13775 | D:9      | Reached XP level 10. HP: 51/51 MP: 22/22
 13828 | D:10     | Identified a scroll of acquirement
 13831 | D:10     | Mangled by a yak
 13832 | D:10     | Reached XP level 9. HP: -6/46 MP: 19/21
 14272 | D:11     | Noticed Erolcha
 14289 | D:10     | Killed from afar by an orc priest
 14290 | D:10     | Reached XP level 8. HP: 0/43 MP: 19/20
 14301 | D:10     | Noticed a kobold demonologist
 14305 | D:10     | Noticed a kobold demonologist
 14307 | D:10     | Noticed an orange demon
 14311 | D:10     | Noticed an ice devil
 14312 | D:10     | Noticed a sixfirhy
 14312 | D:10     | HP: 2/43 [sixfirhy[a kobold demonologist] (12)]
 14312 | D:10     | Slain by a kobold demonologist

Illustrated notes

Levels and vault maps discovered:
D:1:      dpeg_arrival_houses_and_road, layout_loops_ring, serial_bayou,
          serial_bayou_pond_d, serial_bayou_lagoon_a, serial_bayou_ford_a,
          serial_bayou_pond_a, serial_bayou_shore_b, serial_bayou_lake_a,
          minmay_nonomino_d4
D:2:      layout_loops_ring, basic_altar, hellmonk_ecumenical_altar_arch_garden,
          minmay_misc_feat_roman
D:3:      layout_basic, minmay_door_square, st_stairs_7,
          guppyfry_early_lair_pool
D:4:      layout_loops_cross, mainiacjoe_overflow_divided_tiny,
          minmay_fractal_squares_gapless_5, uniq_duvessa
D:5:      layout_cave_pools, minmay_temple_entry_drinking_statues,
          serial_gnoll_camp, gnoll_camp_mini_hut, gnoll_camp_mini_hut,
          gnoll_camp_mini_loothouse, gnoll_camp_mini_basic, gnoll_camp_huts_moat
D:6:      layout_layer_cave, hex_medium
D:7:      layout_cave_pools, serial_shops, shop, minmay_checkerbox,
          uniq_crazy_yiuf_cottage
D:8:      layout_basic, enter_bailey_4
D:9:      kennysheep_kobold_camp, layout_rooms, dpeg_oklobed_lair,
          kennysheep_path_1
D:10:     old_forge, layout_rooms, orc_0_dummy,
          minmay_fractal_squares_diagonal_5
D:11:     layout_roguey, uniq_harold, uniq_erolcha

Skill      XL: |  1  2  3  4  5  6  7  8  9 |
---------------+----------------------------+-----
Dodging        | 3 4 6 7 |  7.5
Stealth        | 7 8 9 10 | 10.1
Unarmed Combat | 3 4 5 |  5.5
Spellcasting   | 1 2 3 4 |  4.2
Fire Magic     | 1 2 |  2.0
Fighting       | 4 5 6 |  6.2
Air Magic      | 2 3 |  3.7
Poison Magic   | 2 3 |  3.6
Necromancy     | 6 |  6.6

Action                   |  1- 3 |  4- 6 |  7- 9 | 10-12 || total
-------------------------+-------+-------+-------+-------++-------
Melee: Unarmed           |    75 |   153 |   331 |    11 ||   570
       Bite              |     8 |    13 |    45 |     2 ||    68
       Punch             |     2 |     6 |    12 |       ||    20
 Cast: Poisonous Vapours |       |     2 |    67 |       ||    69
       Pain              |       |       |    59 |       ||    59
       Sting             |       |       |    41 |       ||    41
       Animate Skeleton  |       |       |     2 |       ||     2
       Olgreb's Toxic Ra |       |       |    12 |     2 ||    14
       Wereblood         |       |       |     1 |       ||     1
Invok: Curse Item        |       |     3 |       |       ||     3
Evoke: Wand              |       |       |     9 |       ||     9
  Use: Scroll            |     4 |     7 |     6 |       ||    17
       Potion            |     2 |     3 |     6 |       ||    11
 Stab: Sleeping          |    11 |     5 |    13 |       ||    29
       Distracted        |     1 |     1 |       |       ||     2
Armor: Skin              |     6 |    10 |    22 |     1 ||    39
Dodge: Dodged            |    52 |   114 |   448 |     7 ||   621

Table legend: (Time is in decaauts)
 A = Elapsed time spent in this place.
 B = Non-inter-level travel time spent in this place.
 C = Inter-level travel time spent in this place.
 D = Time resting spent in this place.
 E = Time spent auto-exploring this place.
 F = Levels seen in this place.
 G = Mean time per level.
                   A        B        C        D        E       F      G
               +--------+--------+--------+--------+--------+-----+--------+
         Total |  13005 |  12798 |    207 |   5030 |   4567 |  11 | 1182.3 |
       Dungeon |  13005 |  12798 |    207 |   5030 |   4567 |  11 | 1182.3 |
               +--------+--------+--------+--------+--------+-----+--------+

Top non-repeatable levels by time:
     D:3: 2180 daAuts
     D:5: 2081 daAuts
     D:6: 1739 daAuts
     D:7: 1432 daAuts
     D:4: 1313 daAuts
     D:8: 1186 daAuts
     D:1: 1098 daAuts
     D:2: 840 daAuts
     D:9: 492 daAuts
    D:11: 419 daAuts
    D:10: 219 daAuts
